Map: Ultralove

Players

Wolrage

  • Race: Zerg Zerg
  • League: Platinum
  • Spawn Location: 7:00

Etherodox - Winner!

  • Race: Terran Terran
  • League: Master
  • Spawn Location: 1:00

VOD

Have the link to the VOD?

Description

Time

  • Played on: Sept. 5, 2025, 12:40 p.m.
  • Length: 17:59
Show
View Real Time Build Order
Export as new Build Order

Wolrage Zerg 

Build Orders: Hatch First 

Get SALT Encoding   

  12  0:03  Drone  
  13  0:13  Drone  
  14  0:36  Hatchery  
  14  0:37  Drone  
  14  0:44  Overlord  
  14  0:59  Spawning Pool  
  14  1:03  Drone  
  14  1:06  Drone  
  14  1:10  Drone  
  16  1:15  Drone  
  17  1:18  Extractor  
  16  1:29  Drone  
  17  1:36  Extractor, Drone  
  17  1:47  Queen  
  17  1:53  Queen  
  21  2:00  Drone  
  22  2:01  Drone  
  23  2:09  Drone x2  
  25  2:17  Drone  
  25  2:19  Drone  
  27  2:28  Overlord  
  27  2:34  Drone  
  28  2:40  Roach Warren  
  27  2:47  Drone x2  
  29  3:00  Drone x4  
  33  3:09  Drone x2  
  33  3:10  Drone  
  36  3:18  Overlord  
  36  3:19  Overlord  
  36  3:36  Drone  
  36  3:37  Drone x4  
  36  3:38  Drone  
  42  3:42  Lair  
  42  3:44  Drone  
  42  3:45  Drone x2  
  45  3:57  Evolution Chamber x2, Drone x2  
  45  4:00  Extractor  
  45  4:02  Extractor  
  43  4:04  Drone x3  
  43  4:08  Drone x3  
  49  4:22  Roach, Overlord  
  49  4:23  Overlord  
  51  4:41  Hydralisk Den  
  51  4:42  Glial Reconstitution  
  51  4:45  Roach x5  
  60  4:46  Roach x4  
  60  4:51  Overlord  
  68  4:56  Zerg Missile Weapons Level 1  
  68  4:57  Zerg Ground Armor Level 1  
  68  5:10  Ravager  
  68  5:11  Ravager x5  
  74  5:20  Grooved Spines  
  74  5:23  Overlord x2  
  74  5:29  Overlord  
  74  5:38  Hydralisk  
  74  5:42  Hydralisk x5  
  82  5:44  Overlord x3  
  86  6:22  Roach, Hydralisk  
  86  6:23  Roach x2, Hydralisk x2  
  96  6:53  Hydralisk  
  96  6:54  Roach, Hydralisk  
  98  6:55  Roach x3  
  108  7:02  Hydralisk  
  108  7:03  Roach x2, Hydralisk x3  
  78  7:33  Roach x4  
  78  7:34  Roach x3  
  78  7:35  Ravager  
  78  7:36  Ravager x4  
  97  8:02  Hatchery  
  85  8:15  Hatchery  
  84  8:50  Extractor  
  84  8:52  Extractor  
  82  9:03  Extractor  
  82  9:05  Extractor  
  42  9:38  Roach x2  
  42  9:39  Roach x6  
  42  9:40  Roach x2  
  42  9:41  Roach x3, Hydralisk x2  
  42  9:42  Hydralisk x6  
  84  9:59  Drone x3  
  87  10:00  Queen  
  87  10:03  Drone x3  
  87  10:04  Queen  
  94  10:11  Ravager x4  
  94  10:12  Ravager x4  
  102  10:20  Hydralisk x4  
  114  10:21  Roach x2  
  108  10:50  Roach, Hydralisk x2  
  108  10:51  Roach x2, Hydralisk  
  120  10:59  Drone  
  120  11:00  Drone  
  120  11:01  Drone  
  120  11:03  Drone  
  124  11:06  Drone  
  124  11:08  Drone  
  124  11:09  Drone x2  
  128  11:17  Overlord x4  
  98  11:42  Roach x5, Hydralisk x2  
  98  11:43  Roach x2, Hydralisk x6  
  128  11:53  Roach x2  
  128  11:54  Roach x4  
  140  12:02  Drone x3  
  136  12:52  Roach x7, Hydralisk x2  
  136  12:53  Hydralisk x3  
  160  12:59  Overlord x5  
  160  13:00  Overlord x2  
  114  13:20  Roach x5, Hydralisk x3  
  114  13:21  Roach  
  105  13:35  Roach x4, Hydralisk x4  
  105  13:38  Zerg Ground Armor Level 2, Zerg Missile Weapons Level 2  
  121  13:42  Drone  
  121  13:43  Drone x5  
  127  14:08  Roach x5  
  127  14:09  Roach x2  
  141  14:12  Ravager x5  
  141  14:13  Ravager x3  
  141  14:15  Roach  
  141  14:16  Roach x3  
  137  14:46  Roach x6  
  137  14:47  Roach x6  
  137  14:48  Roach  
  117  15:08  Hydralisk x7  
  131  15:18  Roach x4  
  137  15:30  Hydralisk x3  
  137  15:31  Hydralisk x2  
  147  15:43  Drone x4  
  151  16:13  Ravager  
  151  16:15  Ravager  
  151  16:17  Ravager  
  154  16:19  Hatchery  
  154  16:23  Roach x4, Hydralisk x5  
  171  16:31  Infestation Pit  
  170  16:48  Hydralisk x5  
  170  16:51  Extractor  
  172  16:55  Extractor  
  83  17:35  Roach x2  
  83  17:36  Roach x5  
  83  17:37  Roach x6  
  63  17:38  Roach x6  
  63  17:39  Roach  
Show
View Real Time Build Order
Export as new Build Order

Etherodox Terran - Winner!

Build Orders: Reaper Expand 

Get SALT Encoding   

  12  0:03  SCV  
  13  0:15  SCV  
  14  0:27  SCV  
  15  0:32  Supply Depot  
  15  0:37  Refinery  
  15  0:54  SCV  
  15  0:55  Barracks  
  16  1:06  SCV  
  17  1:18  SCV  
  18  1:30  SCV  
  19  1:42  Orbital Command  
  19  1:53  Command Center  
  19  1:54  Reaper  
  20  2:06  Supply Depot  
  20  2:11  Factory, SCV  
  21  2:23  SCV  
  21  2:25  Marine  
  23  2:35  SCV, Barracks  
  24  2:41  Refinery  
  24  2:44  Barracks Tech Lab  
  24  2:47  SCV  
  25  3:00  SCV  
  26  3:12  Barracks Reactor, SCV  
  27  3:13  Orbital Command  
  27  3:16  Bunker  
  27  3:17  Siege Tank  
  30  3:24  SCV  
  31  3:30  Supply Depot  
  31  3:35  Barracks Tech Lab  
  31  3:36  SCV  
  32  3:42  SCV  
  32  3:48  SCV  
  34  3:51  Marine  
  34  3:52  Marine  
  34  3:53  Supply Depot  
  34  3:54  SCV  
  37  3:59  Siege Tank  
  37  4:00  SCV  
  41  4:10  SCV  
  41  4:12  SCV, Stimpack  
  41  4:14  Marauder  
  45  4:19  Marine x2  
  45  4:22  SCV  
  48  4:24  SCV  
  48  4:25  Supply Depot  
  49  4:34  SCV  
  49  4:36  Marine, SCV  
  49  4:37  Marine  
  49  4:38  Marauder  
  55  4:46  SCV  
  55  4:49  SCV  
  55  4:52  Supply Depot  
  57  4:58  Engineering Bay  
  57  5:00  Marauder  
  57  5:01  Marine x2  
  57  5:02  Siege Tank  
  64  5:10  SCV  
  65  5:15  SCV  
  65  5:17  Refinery  
  65  5:18  Refinery  
  65  5:19  Marine x2  
  65  5:21  Supply Depot  
  68  5:22  SCV  
  68  5:27  SCV  
  70  5:34  Supply Depot, SCV  
  71  5:36  Marine, Supply Depot  
  71  5:39  SCV  
  73  5:47  SCV  
  70  5:58  Marine  
  70  5:59  Marine x2  
  70  6:01  Siege Tank  
  70  6:02  Combat Shield  
  74  6:17  Marine x2, Starport, Marauder  
  78  6:24  SCV  
  78  6:25  SCV  
  77  6:33  Command Center, Siege Tank  
  77  6:37  Terran Infantry Weapons Level 1  
  77  6:39  Engineering Bay  
  80  6:44  Armory, SCV x2  
  82  6:49  Marine x2  
  82  6:52  Marauder  
  86  6:55  Starport Reactor  
  86  6:56  SCV  
  87  7:01  Barracks  
  87  7:04  Barracks  
  87  7:07  Marine x2, Siege Tank, Barracks  
  92  7:09  Barracks  
  89  7:21  Concussive Shells  
  78  7:27  Marauder  
  78  7:28  Marine x2  
  82  7:31  Terran Infantry Armor Level 1  
  82  7:45  Marine  
  82  7:46  Marine  
  82  7:49  Marauder  
  82  7:50  Medivac  
  82  7:51  Medivac  
  90  7:56  SCV x2  
  92  7:59  Barracks Tech Lab  
  92  8:01  Barracks Tech Lab  
  92  8:02  Barracks Tech Lab  
  92  8:03  Marine x2  
  88  8:08  SCV  
  88  8:10  Marauder  
  69  8:20  SCV x2  
  69  8:21  Marine, Reaper  
  69  8:27  Barracks Tech Lab  
  73  8:28  Marauder x3  
  73  8:31  Marauder  
  81  8:35  Supply Depot  
  81  8:37  Supply Depot  
  81  8:39  Marine  
  82  8:44  Supply Depot  
  82  8:45  Supply Depot  
  82  8:47  Terran Infantry Weapons Level 2  
  82  8:49  Marine  
  82  8:53  Marine, Marauder  
  82  8:54  Planetary Fortress  
  86  8:59  Marauder  
  88  9:14  Marauder  
  77  9:38  SCV x3  
  86  9:45  Marauder  
  86  9:46  Marine x2, Marauder x4  
  86  9:50  SCV x3  
  95  9:57  Siege Tank  
  95  9:59  Medivac x2  
  102  10:02  Terran Vehicle Weapons Level 1, SCV  
  102  10:03  Marine  
  110  10:07  Marauder x4  
  112  10:25  Marauder  
  112  10:27  Terran Infantry Armor Level 2  
  118  10:28  Marauder x2  
  118  10:29  SCV x3  
  118  10:31  Marauder x2  
  109  10:41  SCV  
  110  10:47  Siege Tank, Marauder  
  113  10:50  Marauder x2  
  113  10:57  Marine x4  
  117  11:03  Supply Depot  
  117  11:04  Supply Depot  
  121  11:05  Medivac x2  
  121  11:06  Supply Depot  
  121  11:07  Supply Depot  
  121  11:08  Marine  
  121  11:09  Supply Depot  
  126  11:11  Marine x2  
  126  11:14  Marine  
  126  11:18  Terran Infantry Weapons Level 3  
  129  11:24  Siege Tank  
  95  11:47  Marine x2, Marauder x2  
  95  11:48  Marine, Marauder x2  
  106  11:56  Siege Tank  
  106  11:59  Refinery  
  106  12:01  Refinery  
  109  12:05  Marine x2  
  109  12:06  Marauder  
  109  12:08  Marine  
  113  12:10  Command Center, Terran Vehicle Weapons Level 2  
  114  12:21  Marine x2, Marauder  
  114  12:22  Factory  
  118  12:23  Marine x2  
  119  12:31  Marauder x2  
  122  12:39  Marine x2  
  122  12:41  Marine  
  122  12:43  Marauder  
  124  12:45  Marine  
  125  12:52  Siege Tank, Marauder x2  
  125  12:56  Marine  
  125  12:57  Marauder  
  135  12:59  Marine  
  115  13:21  Marine, Marauder x2  
  115  13:22  Marine, Marauder x3  
  115  13:25  Siege Tank  
  119  13:39  Marine x2  
  121  13:42  Marine  
  121  13:43  SCV x3, Marauder x2  
  129  13:55  SCV x3  
  131  13:56  Marauder x2  
  131  13:57  Marine x2, Terran Infantry Armor Level 3  
  131  14:00  Marine  
  131  14:02  Planetary Fortress  
  139  14:07  Siege Tank, SCV x2  
  139  14:08  Factory Tech Lab  
  139  14:09  Marauder x2  
  148  14:10  Refinery  
  148  14:15  Marine  
  148  14:16  Marine  
  150  14:17  Marine, Marauder  
  150  14:19  Medivac  
  138  14:37  Marine x2, Marauder x3  
  127  14:55  Marine x2, Marauder x2  
  127  14:58  Marine x2  
  127  14:59  Marauder  
  123  15:07  Siege Tank  
  123  15:11  SCV x3  
  123  15:13  Marine x2  
  131  15:16  Marauder x3  
  131  15:17  Marauder  
  131  15:20  Marine  
  138  15:30  Marine x2  
  140  15:37  Marine  
  140  15:38  Liberator x2, Marauder x3  
  140  15:39  Siege Tank  
  156  15:43  Marauder  
  156  15:46  Factory Reactor  
  156  15:48  Marine x2  
  160  15:56  Marauder  
  162  15:59  Marine, Refinery, Marauder x2  
  167  16:04  Marine, Neosteel Armor  
  167  16:06  Marine  
  169  16:11  Siege Tank  
  172  16:31  Command Center  
  172  16:33  Marine x2, Marauder x2  
  172  16:34  Marine, Marauder x2  
  183  16:42  Medivac x2  
  183  16:44  Hi-Sec Auto Tracking  
  187  16:51  Marine x3  
  190  16:54  Marine x2  
  184  17:09  Marine  
  184  17:10  Marine, Marauder x3  
  184  17:12  Marauder  
  184  17:13  Marauder  
  185  17:27  Marine x2  
  167  17:31  Marine, Marauder x2  
  167  17:34  Marauder x2  
Tags
 
Add a new tag
Caveats
  • Supply blocks, unpowered buildings, or Contaminate may cause inaccurate times.
  • Supply counts are checked every 10 seconds.